AoeStats
← Iguano Pop

Arabian Desert

509314465Analyzed
1v1 RM · 6d ago on Sep 26, 2026· 28m 6s· 2 players
Game mode
Random Map
Map size
Tiny (2 player)
Population
200
Speed
Normal
Resources
Standard
Victory
Conquest
Starting age
Dark Age
Ending age
Imperial Age
RankedLock teamsTeams togetherTeam positionsShared explorationLock speedFull tech treeHidden civsTurbo modeCheats
Victory
Defeat
🇲🇽 Burmese · Mexico
1287
+17
🇨🇳 Bengalis · China
1305
-17
Iguano Pop
6:35 Loom
9:22 Feudal Age
10:20 Man-at-Arms
15:52 Fletching
18:11 Town Watch
24:01 Castle Age
24:03 Crossbowman
24:39 Bodkin Arrow
kylin
6:25 Loom
8:56 Feudal Age
9:40 Double-Bit Axe
10:44 Horse Collar
20:45 Scale Barding Armor
21:33 Bloodlines
25:12 Forging
27:47 Fletching
Connection lost

Rejoining the realm…

Still unreachable

The connection could not be restored.

Session expired

The server has moved on; the page needs a fresh start.